 Dungeon Crawl Stone Soup version 0.23-a0-79-gaa8cc03 (webtiles) character file.

3318 Lordatamus the Cutter (level 10, -7/86 HPs)
             Began as a Hill Orc Fighter on Aug 10, 2018.
             Splashed by a jelly's acid (10 damage)
             ... on level 8 of the Dungeon on Aug 11, 2018.
             The game lasted 01:50:14 (9423 turns).

Lordatamus the Cutter (Hill Orc Fighter)            Turns: 9423, Time: 01:50:15

Health: -7/86      AC: -2    Str: 22    XL:     10   Next: 2%
Magic:  0/10       EV:  9    Int:  8    God:
Gold:   202        SH: 11    Dex: 11    Spells: 9/9 levels left

rFire    . . .     SeeInvis .   q - +3 short sword (drain)
rCold    . . .     Gourm    .   c - +1 shield
rNeg     . . .     Faith    .   t - +1 scale mail
rPois    .         Spirit   +   B - +1 helmet
rElec    .         Reflect  .   l - scarf {Spirit}
rCorr    .         Harm     .   w - +0 pair of gloves
MR       .....                  H - +0 pair of boots
Stlth    ..........             u - amulet of the acrobat
HPRegen  0.24/turn              b - +3 ring of slaying
MPRegen  0.12/turn              T - ring of flight

@: corroded, drained
A: no striking features
a: Evoke Flight


You were on level 8 of the Dungeon.
You were not hungry.

You visited 1 branch of the dungeon, and saw 8 of its levels.

You collected 382 gold pieces.
You spent 180 gold pieces at shops.

Inventory:

Hand Weapons
 h - a +0 flail of draining
 p - a +1 spear
 q - a +3 short sword of draining (weapon)
 y - a +0 shortbow
Missiles
 A - 5 javelins (quivered)
 I - 37 arrows
Armour
 c - a +1 shield (worn)
 l - a scarf of spirit shield (worn)
 t - a +1 scale mail (worn)
 w - a +0 pair of gloves (worn)
 B - a +1 helmet (worn)
 H - a +0 pair of boots (worn)
 K - a scarf of resistance
Magical Staves
 e - an uncursed staff of poison {unknown}
Jewellery
 b - a +3 ring of slaying (left hand)
 u - an amulet of the acrobat (around neck)
 T - a ring of flight (right hand)
Wands
 r - a wand of disintegration (11)
Scrolls
 j - 3 scrolls of identify
 o - 4 scrolls of remove curse
 v - 4 scrolls of teleportation {unknown}
 C - a scroll of fog {unknown}
 D - 3 scrolls of immolation {unknown}
 F - 2 scrolls of amnesia {unknown}
 Q - 2 scrolls of blinking {unknown}
 R - a scroll of brand weapon {unknown}
 U - a scroll of torment {unknown}
 V - a scroll of fear {unknown}
Potions
 d - 3 potions of might
 g - a potion of agility
 i - 2 potions of flight {unknown}
 k - a potion of cancellation {unknown}
 m - 3 potions of curing {unknown}
 n - a potion of magic {unknown}
 s - 2 potions of berserk rage {unknown}
 x - a potion of degeneration {unknown}
 z - a potion of lignification {unknown}
 E - a potion of mutation {unknown}
 G - 2 potions of brilliance {unknown}
 J - a potion of experience {unknown}
 M - 2 potions of haste {unknown}
Comestibles
 a - 5 chunks of flesh
 f - 5 rations


   Skills:
 + Level 7.1(5.9) Fighting
 + Level 7.9(7.0) Short Blades
   Level 4.1(5.7) Long Blades
 + Level 7.0(5.8) Armour
 + Level 2.8(1.7) Dodging
 + Level 1.5(0.5) Stealth
 + Level 7.5(6.3) Shields
 + Level 1.0(0.0) Unarmed Combat


You had 9 spell levels left.
You didn't know any spells.
Your spell library contained the following spells:

 Spells                   Type           Power        Failure   Level  Hunger
 Confuse                  Hex            #.......     100%        3    ####...
 Summon Small Mammal      Summ           #...         97%         1    ##.....
 Summon Ice Beast         Ice/Summ       #.......     100%        4    #####..
 Call Imp                 Summ           #.......     99%         2    ###....
 Confusing Touch          Hex            #.....       97%         1    ##.....
 Call Canine Familiar     Summ           #.......     100%        3    ####...
 Metabolic Englaciation   Hex/Ice        #.........   100%        5    ######.
 Petrify                  Tmut/Erth      #.......     100%        4    #####..
 Summon Lightning Spire   Summ/Air       #.......     100%        4    #####..
 Summon Guardian Golem    Hex/Summ       #.......     100%        3    ####...
 Gell's Gravitas          Tloc           #.........   100%        3    ####...
 Yara's Violent Unravell  Hex/Tmut       #.........   100%        5    ######.


Dungeon Overview and Level Annotations

Branches:
Dungeon (8/15)             Temple (0/1) D:5
   Lair: D:8-11

Altars:
Dithmenos
Fedhas
Gozag
Hepliaklqana
Makhleb
Ru
Sif Muna
Yredelemnul
Jiyva

Shops:
D:6 ?   D:7 *

Annotations:
D:8 Potronius's ghost, novice GnWn


Message History

Potronius's ghost says, "You will serve me forever."
Potronius's ghost hits you.
You feel drained. You block the slime creature's attack.
Your shield prevents you from hitting the jelly.
The slime creature hits you! The jelly hits you. The acid corrodes you!
You are splashed with acid!
The acid burns!
Potronius's ghost hits you.
You feel drained.
You hit the jelly but do no damage. The acid corrodes you!
Your hands burn!
The slime creature closely misses you. You block the slime creature's attack.
The jelly hits you.
You are splashed with acid!
The acid burns!
* * * LOW HITPOINT WARNING * * *
You block Potronius's ghost's attack. The slime creature hits you!
* * * LOW HITPOINT WARNING * * *
The slime creature jiggles.
The slime creature hits you.
* * * LOW HITPOINT WARNING * * *
The jelly hits you.
* * * LOW HITPOINT WARNING * * *
You are splashed with acid!
The acid burns!
You die...

#.# .# # #.####.#.# #.#
##. ## #......... #.#
.##. .. ...####..#
##.###.# .## .#
##.####..# #...#.. ..#
.# #........ .####
#...#.# #.# .# #.......#
....###...#.## #.# .#
#.####..#
#..........###J##.#####
#..#
#.............@JJ##...##
#..#
#..........###JWJ#..$..#
#..#
#.###...#.....J..'.....%
#..# #.#
#...######...'....!_
#..# #.# #...#
##..'$....$ #..# ..#
##### #..#.....#####..#
### #..##...##......#
#.#######....)... ###.#
#####.###


You could see 2 slime creatures, 4 jellies and Potronius's ghost.

Vanquished Creatures
  Pikel (D:4)
  A troll (D:8)
  Sigmund (D:2)
  Eustachio (D:5)
  Grum (D:8)
  A water moccasin (D:7)
  2 ice beasts
  An orc warrior (D:6)
  A slave (D:4)
  2 centaurs (D:7)
  A necrophage (D:6)
  2 ogres (D:6)
  2 wolves (D:8)
  A big kobold (D:5)
  A bullfrog (D:8)
  2 jellies
  A scorpion (D:6)
  2 crimson imps
  A bullfrog zombie (D:8)
  8 orc wizards
  2 orc priests
  A bullfrog skeleton (D:4)
  2 hounds
  Crazy Yiuf (D:3)
  5 iguanas
  Natasha (thrice) (D:2)
  2 worker ants
  Robin (D:2)
  A river rat (D:6)
  6 adders
  2 oozes
  An adder zombie (D:5)
  2 worms
  A dart slug (D:1)
  6 leopard geckos
  23 orcs
  3 bats
  8 giant cockroaches
  9 goblins
  13 hobgoblins
  10 jackals
  7 quokkas
  A ball python zombie (D:5)
  2 frilled lizards
  15 kobolds
  A leopard gecko skeleton (D:4)
  13 rats
  A spectral orc (D:7)
175 creatures vanquished.

Notes
Turn   | Place    | Note
-------+----------+-------------------------------------------
     0 | D:1      | Lordatamus the Hill Orc Fighter began the quest for the Orb.
     0 | D:1      | Reached XP level 1. HP: 19/19 MP: 1/1
   121 | D:1      | Reached XP level 2. HP: 27/27 MP: 2/2
   607 | D:1      | Reached XP level 3. HP: 32/33 MP: 3/3
  1098 | D:2      | Noticed Robin
  1127 | D:2      | Killed Robin
  1127 | D:2      | Reached XP level 4. HP: 20/40 MP: 1/4
  1561 | D:2      | Noticed Sigmund
  1580 | D:2      | Killed Sigmund
  1580 | D:2      | Reached skill level 1 in Short Blades
  1580 | D:2      | Reached XP level 5. HP: 16/47 MP: 2/5
  1601 | D:2      | Noticed Natasha
  1607 | D:2      | Killed Natasha
  1607 | D:2      | Reached XP level 6. HP: 23/53 MP: 4/6
  2343 | D:2      | Noticed Natasha
  2368 | D:2      | Killed Natasha
  2373 | D:2      | Noticed Natasha
  2620 | D:2      | Killed Natasha
  3076 | D:3      | Found an opulent altar of Gozag.
  3447 | D:3      | You fall through a shaft for 2 floors!
  3447 | D:5      | Entered Level 5 of the Dungeon
  3488 | D:5      | Reached skill level 1 in Dodging
  3488 | D:5      | Reached skill level 5 in Shields
  3567 | D:5      | Reached XP level 7. HP: 48/60 MP: 7/7
  3714 | D:5      | Found a blossoming altar of Fedhas.
  3852 | D:5      | Found a staircase to the Ecumenical Temple.
  4088 | D:5      | Noticed Eustachio
  4101 | D:5      | Killed Eustachio
  4101 | D:5      | Reached skill level 5 in Fighting
  4273 | D:5      | Reached skill level 5 in Armour
  4761 | D:4      | Found a sacrificial altar of Ru.
  4887 | D:4      | Noticed Pikel
  5158 | D:4      | Killed Pikel
  5158 | D:4      | Reached skill level 1 in Stealth
  5158 | D:4      | Reached XP level 8. HP: 68/69 MP: 8/8
  5535 | D:4      | Upgraded the game from 0.23-a0-78-gc252fe1 to 0.23-a0-79-gaa8cc03
  5997 | D:3      | Found a runed door.
  6001 | D:3      | Noticed Crazy Yiuf
  6012 | D:3      | Killed Crazy Yiuf
  6543 | D:6      | Reached skill level 5 in Short Blades
  6722 | D:6      | Reached skill level 1 in Unarmed Combat
  6722 | D:6      | Reached XP level 9. HP: 56/75 MP: 6/9
  6757 | D:6      | Found Arymeat's Magic Scroll Boutique.
  6764 | D:6      | Bought a scroll of enchant armour for 90 gold pieces
  6764 | D:6      | Bought a scroll of enchant weapon for 90 gold pieces
  6962 | D:6      | Found a hazy altar of Hepliaklqana.
  6962 | D:6      | Found a shadowy altar of Dithmenos.
  6962 | D:6      | Found a deep blue altar of Sif Muna.
  7676 | D:7      | Found Tolucat's General Store.
  8096 | D:7      | Found a burning altar of Makhleb.
  8096 | D:7      | Noticed an Executioner
  8350 | D:7      | Found a basalt altar of Yredelemnul.
  8935 | D:8      | Noticed a troll
  8953 | D:8      | Killed a troll
  9182 | D:8      | Noticed Grum
  9217 | D:8      | Killed Grum
  9376 | D:8      | Reached XP level 10. HP: 86/86 MP: 10/10
  9398 | D:8      | Found a runed gate.
  9398 | D:8      | Found a runed gate.
  9398 | D:8      | Found a runed gate.
  9401 | D:8      | Noticed Potronius's ghost (novice GnWn)
  9407 | D:8      | Found a viscous altar of Jiyva.
  9423 | D:8      | HP: 3/86 [jelly (2)]
  9423 | D:8      | Splashed by a jelly's acid

Vault maps used:
D:1:      eino_arrival_cavern_e, hangedman_feature_mirror
D:2:      uniq_sigmund, uniq_natasha, uniq_robin
D:3:      nicolae_gozag_seed_capital, first_ration,
          hangedman_abyss_or_decor_stabs, uniq_crazy_yiuf_cottage
D:4:      nicolae_ru_great_annihilating_truth, minmay_statues_item, uniq_pikel
D:5:      temple_hall, fedhas_altar_fruit_tree, uniq_eustachio
D:6:      gammafunk_temple_overflow_claw, serial_shops, kennysheep_mini_moat,
          gup_sewer_entry_spiral
D:7:      yredelemnul_forgotten_temple_becter, makhleb_altar_promises_db,
          serial_shops, nicolae_shop_waterfront, st_stairs_3
D:8:      marbit_many_paths, gammafunk_ghost_ooze, uniq_grum, uniq_gastronok

Skill      XL: |  1  2  3  4  5  6  7  8  9 |
---------------+----------------------------+-----
Fighting       | 4 5 6 7 |  7.1
Long Blades    | 3 4 |  4.1
Shields        | 4 5 6 7 |  7.5
Short Blades   | 1 2 4 5 7 |  7.9
Armour         | 4 5 6 7 |  7.0
Dodging        | 1 2 |  2.8
Stealth        | 1 |  1.5
Unarmed Combat | 1 |  1.0

Action                   |  1- 3 |  4- 6 |  7- 9 | 10-12 || total
-------------------------+-------+-------+-------+-------++-------
Melee: Long sword        |   116 |     9 |       |       ||   125
       Short sword       |       |   140 |   394 |    10 ||   544
       Unarmed           |       |       |     5 |       ||     5
  Use: Scroll            |       |       |     7 |       ||     7
 Stab: Confused          |       |       |     1 |       ||     1
       Paralysed         |       |       |     1 |       ||     1
  Eat: Ration            |     1 |     2 |     3 |       ||     6
       Chunk             |       |     1 |     6 |       ||     7
Armor: Scale mail        |    50 |    51 |    99 |     2 ||   202
Dodge: Dodged            |    50 |    34 |   106 |     3 ||   193
Block: Shield            |    79 |    59 |   154 |    16 ||   308
       Rpst.: Long sword |    19 |     2 |       |       ||    21

Table legend:
 A = Non-vault XP
 B = Vault XP
 C = Vault XP percentage of total XP
 D = Non-vault monster count
 E = Vault monster count
 F = Vault count percentage of total count
 G = Total turns spent on level
                 A         B        C        D         E       F
            +---------+---------+-------+---------+---------+-------
      Total |    2899 |    1842 |  38.9 |     144 |      30 |  17.2
            +---------+---------+-------+---------+---------+-------
        D:1 |      48 |       0 |   0.0 |      27 |       0 |   0.0
        D:2 |     130 |     270 |  67.5 |      24 |       9 |  27.3
        D:3 |      88 |      37 |  29.6 |      22 |       1 |   4.3
        D:4 |     270 |     682 |  71.6 |      15 |       5 |  25.0
        D:5 |     332 |     203 |  37.9 |       9 |       1 |  10.0
        D:6 |     968 |      25 |   2.5 |      22 |       7 |  24.1
        D:7 |     487 |     155 |  24.1 |      16 |       3 |  15.8
        D:8 |     576 |     470 |  44.9 |       9 |       4 |  30.8
            +---------+---------+-------+---------+---------+-------
